 Dungeon Crawl Stone Soup version 0.27.1 (webtiles) character file.

Game seed: 16290167171715181343

14 Kala the Insei (level 2, 0/18 HPs)
             Began as an Octopode Transmuter on Sept 1, 2021.
             Slain by a rat (2 damage)
             ... on level 1 of the Dungeon.
             The game lasted 00:00:41 (301 turns).

Kala the Insei (Octopode Transmuter)                 Turns: 301, Time: 00:00:41

Health: 0/18       AC:  1    Str:  9    XL:     2   Next: 41%
Magic:  5/5        EV: 13    Int: 15    God:
Gold:   0          SH:  0    Dex: 12    Spells: 4/5 levels left

rFire    . . .     SeeInvis .     - Unarmed
rCold    . . .     Faith    .   (no shield)
rNeg     . . .     Spirit   .   (helmet restricted)
rPois    .         Reflect  .   (no amulet)
rElec    .         Harm     .   (no ring)
rCorr    .         Rampage  .   (no ring)
Will     .....                  (no ring)
Stlth    ++........             (no ring)
HPRegen  0.06/turn              (no ring)
MPRegen  0.09/turn              (no ring)
                                (no ring)
                                (no ring)

@: no status effects
A: almost no armour, amphibious, 8 rings, camouflage 1, gelatinous body 1,
(nimble swimmer 1), tentacles
a: no special abilities


You were on level 1 of the Dungeon.
You visited 1 branch of the dungeon, and saw 1 of its levels.

You aren't carrying anything.


   Skills:
 + Level 1.0 Fighting
 + Level 2.0 Dodging
 + Level 3.5 Unarmed Combat
 + Level 2.1 Spellcasting
 + Level 2.0 Transmutations


You had 4 spell levels left.
You knew the following spells:

 Your Spells              Type           Power      Damage    Failure   Level
a - Beastly Appendage     Tmut           14%        N/A       10%         1

Your spell library contained the following spells:

 Spells                   Type           Power      Damage    Failure   Level
 Wereblood                Tmut           7%         N/A       14%         2
 Spider Form              Tmut/Pois      2%         N/A       41%         3
 Ice Form                 Ice/Tmut       4%         N/A       82%         4


Dungeon Overview and Level Annotations

Branches:
Dungeon (1/15)

Altars:


Innate Abilities, Weirdness & Mutations

You cannot wear most types of armour.
You are amphibious.
You can wear up to eight rings at the same time.
Your skin changes colour to match your surroundings (Stealth+).
Your rubbery body absorbs attacks. (AC +1, EV +1)
((You are camouflaged near water. (Stealth+)))
You have tentacles for arms and can constrict up to eight enemies at once.


Message History

The jackal is lightly wounded.
The jackal barely misses you. The rat bites you. The rat barely misses you.
The jackal bites you.
You barely miss the jackal. Your grab misses the jackal.
The jackal is lightly wounded.
The endoplasm freezes you.
You are frozen.
The jackal closely misses you. The rat closely misses you. The rat bites you.
You are too injured to fight recklessly!
You are too injured to fight recklessly!
You are too injured to fight recklessly!
You tentacle-slap the endoplasm.
You kill the endoplasm!
The jackal bites you. The rat closely misses you.
You tentacle-slap the jackal.
You kill the jackal!
The rat bites you.
You closely miss the kobold. You grab the kobold.
You pierce the kobold, but do no damage.
You constrict the kobold, but do no damage.
The rat barely misses you. The rat bites you but does no damage.
The kobold hits you with a +0 short sword.
* * * LOW HITPOINT WARNING * * *
You barely miss the kobold. You constrict the kobold.
The rat completely misses you. The rat bites you but does no damage.
The kobold misses you.
You tentacle-slap the kobold.
You kill the kobold!
The rat barely misses you. The rat bites you but does no damage.
You closely miss the rat. Your grab misses the rat. The rat closely misses you.
The rat misses you.
You tentacle-slap the rat. Your grab misses the rat.
The rat is severely wounded.
The rat bites you.
* * * LOW HITPOINT WARNING * * *
The rat completely misses you.
You barely miss the rat. You grab the rat.
Your tentacle spike disappears.
You constrict the rat. The rat barely misses you. The rat bites you.
You die...

##### #...######
##...#.)...
##############..).......
...........!....r......
##..............@r......
...#.............)......
..............###[......
.........)....# .......
##..........# #......
####....รท....)# ......
...#..........# ......
#...########## ......
##....$.#


You could see 2 rats.

Vanquished Creatures
  A dart slug (D:1)
  2 endoplasms (D:1)
  A goblin (D:1)
  3 jackals (D:1)
  2 bats (D:1)
  A kobold (D:1)
  A rat (D:1)
11 creatures vanquished.

Notes
Turn   | Place    | Note
-------+----------+-------------------------------------------
     0 | D:1      | Kala the Octopode Transmuter began the quest for the Orb.
     0 | D:1      | Reached XP level 1. HP: 13/13 MP: 3/3
    25 | D:1      | Reached XP level 2. HP: 2/18 MP: 5/5
   301 | D:1      | Slain by a rat

Illustrated notes

Levels and vault maps discovered:
D:1:      psy_arrival_terrarium, layout_rooms,
          shapermc_ecumenical_altar_notcrosses

Action                   || total
-------------------------++-------
Melee: Unarmed           ||    28
       Constrict         ||     7
       Kick              ||     4
       Tentacles         ||     1
 Cast: Beastly Appendage ||     2
Armor: Skin              ||     7
Dodge: Dodged            ||    31
